Firebirds vs Marlies

Created - May 5, 2025 at 19:01

Goals
1 2 3 T
Firebirds 1 2 3 6
Marlies 1 0 2 3
Shots
1 2 3 T
Firebirds 6 8 21 35
Marlies 10 14 10 34

1st period

1. Marlies , Mathieu Olivier 29 (Tyler Benson 44, Lias Andersson 16) at 2:13
2. Firebirds , Jonah Gadjovich 12 (Jasper Weatherby 15, Tanner Richard 29) at 12:57

Penalties :
Tyler Benson (Tor) for Roughing (Minor) at 5:39

2nd period

3. Firebirds , Pierre-Luc Dubois 26 (Wade Allison 26, Eric Robinson 25) at 0:36
4. Firebirds , Dylan Coghlan 2 (Tanner Richard 30, Jakub Zboril 38) at 19:06 (PP)

Penalties :
Mathieu Olivier (Tor) for Tripping (Minor) at 18:15, Victor Mete (Coa) for Hooking (Minor) at 19:14

3rd period

5. Marlies , Tyler Benson 27 (Lias Andersson 17) at 6:10 (PP)
6. Firebirds , Fredrik Olofsson 17 (Maksim Sushko 7, Jacob Middleton 12) at 9:16
7. Firebirds , Thomas Spelling 44 (Tanner Richard 31, Hayden Hodgson 39) at 13:49 (PP)
8. Marlies , Tyler Benson 28 (Pierre-Olivier Joseph 66, Mathieu Olivier 40) at 15:08
9. Firebirds , Hayden Hodgson 29 (Tanner Richard 32, Thomas Spelling 46) at 15:50

Penalties :
Jonah Gadjovich (Coa) for Roughing (Minor) at 5:35, Aleksi Saarela (Tor) for Holding (Minor) at 13:38

Goalie Stats

Magnus Hellberg (Coa), 31 saves from 34 shots - (0.912), W, 13-7-4, 60:00 minutes
Maxime Lagace (Tor), 29 saves from 35 shots - (0.829), L, 16-13-4, 60:00 minutes

Players Stats for Firebirds

Player Name              G  A  P  +/- PIM S  H  SB GA TA FO     MP     PP MP  PK MP  
------------------------------------------------------------------------------------
                         0  0  0   0  0   0  0  0  0  0  0/0     0:00   0:00   0:00 
                         0  0  0   0  0   0  0  0  0  0  0/0     0:00   0:00   0:00 
                         0  0  0   0  0   0  0  0  0  0  0/0     0:00   0:00   0:00 
                         0  0  0   0  0   0  0  0  0  0  0/0     0:00   0:00   0:00 
                         0  0  0   0  0   0  0  0  0  0  0/0     0:00   0:00   0:00 
                         0  0  0   0  0   0  0  0  0  0  0/0     0:00   0:00   0:00 
                         0  0  0   0  0   0  0  0  0  0  0/0     0:00   0:00   0:00 
Dylan Coghlan            1  0  1   2  0   4  0  0  1  1  0/0    26:02   2:13   1:46 
Eric Robinson            0  1  1   0  0   1  2  2  3  1  0/0    16:22   0:59   0:05 
Fredrik Olofsson         1  0  1   0  0   5  1  2  0  0  0/1    13:01   0:00   0:00 
Garret Pilon             0  0  0   0  0   1  1  0  1  0  3/9    13:29   0:00   0:16 
Hayden Hodgson           1  1  2   1  0   1  2  2  0  0  1/3    21:22   2:02   2:08 
Jacob Middleton          0  1  1   1  0   0  1  2  0  0  0/0    16:08   0:00   0:48 
Jakub Zboril             0  1  1   2  0   1  1  1  0  2  0/0    26:02   2:13   1:46 
Jasper Weatherby         0  1  1   1  0   2  3  0  0  0  1/1     8:42   0:00   0:00 
Jonah Gadjovich          1  0  1   1  2   2  0  0  0  0  0/0     8:41   0:00   0:00 
Mac Hollowell            0  0  0  -1  0   0  1  2  0  0  0/0    19:24   0:48   0:48 
Maksim Sushko            0  1  1   0  0   1  0  0  0  1  0/0    13:02   0:00   0:00 
Matej Blumel             0  0  0   1  0   2  2  0  0  0  0/0     8:42   0:00   0:00 
Matthew Kiersted         0  0  0   1  0   1  0  4  0  0  0/0    14:34   0:00   0:00 
Pierre-Luc Dubois        1  0  1   0  0   3  0  0  0  0  3/11   16:33   0:59   0:16 
Tanner Richard           0  4  4   1  0   4  1  1  1  0  14/36  21:32   2:02   2:07 
Thomas Spelling          1  1  2   1  0   2  4  1  0  0  1/1    19:30   2:02   0:16 
Victor Mete              0  0  0  -1  2   0  0  2  1  0  0/0    18:00   0:48   0:00 
Wade Allison             0  1  1   0  0   5  1  0  0  0  0/1    16:17   0:59   0:00 

Players Stats for Marlies

Player Name              G  A  P  +/- PIM S  H  SB GA TA FO     MP     PP MP  PK MP  
------------------------------------------------------------------------------------
                         0  0  0   0  0   0  0  0  0  0  0/0     0:00   0:00   0:00 
                         0  0  0   0  0   0  0  0  0  0  0/0     0:00   0:00   0:00 
                         0  0  0   0  0   0  0  0  0  0  0/0     0:00   0:00   0:00 
                         0  0  0   0  0   0  0  0  0  0  0/0     0:00   0:00   0:00 
                         0  0  0   0  0   0  0  0  0  0  0/0     0:00   0:00   0:00 
                         0  0  0   0  0   0  0  0  0  0  0/0     0:00   0:00   0:00 
                         0  0  0   0  0   0  0  0  0  0  0/0     0:00   0:00   0:00 
Aleksi Saarela           0  0  0   0  2   3  2  0  0  2  25/36  20:53   1:37   1:39 
Alex Formenton           0  0  0   0  0   3  2  3  0  0  0/1    15:05   0:00   1:17 
Arthur Kaliyev           0  0  0   0  0   0  1  0  0  0  0/0     7:03   0:00   0:00 
Dennis Gilbert           0  0  0  -2  0   0  0  0  0  1  0/0    12:24   0:00   0:00 
Dmitri Samorukov         0  0  0  -2  0   1  0  2  1  1  0/0    12:24   0:00   0:00 
Isac Lundestrom          0  0  0   0  0   0  0  0  0  0  0/2     8:07   0:00   0:34 
Joel Farabee             0  0  0   0  0   5  2  0  0  0  2/3    20:04   1:37   0:34 
Keaton Thompson          0  0  0  -2  0   1  0  1  0  1  0/0    18:29   1:12   1:13 
Kole Sherwood            0  0  0   0  0   3  6  1  0  1  0/0    13:41   0:00   0:00 
Lias Andersson           0  2  2  -2  0   0  2  0  0  1  9/13   16:30   0:57   0:00 
Lucas Carlsson           0  0  0  -2  0   1  1  1  0  0  0/0    18:29   1:12   1:13 
Martin Necas             0  0  0   0  0   3  3  0  0  0  0/0    19:45   1:37   0:37 
Mathieu Olivier          1  1  2  -2  2   1  2  0  2  0  0/0    16:57   0:57   0:28 
Matthew Highmore         0  0  0   0  0   2  0  0  0  0  4/7    13:41   0:00   0:00 
Otto Koivula             0  0  0   0  0   1  0  0  0  0  0/0     7:18   0:00   0:00 
Pierre-Olivier Joseph    0  1  1   2  0   3  1  1  0  0  0/0    29:07   1:22   1:48 
Rasmus Dahlin            0  0  0   2  0   4  3  3  1  0  0/0    29:07   1:22   1:48 
Tyler Benson             2  1  3  -2  2   3  2  0  1  0  0/1    17:52   0:57   0:53 

3 Stars

1 - Tanner Richard (Coa)
2 - Thomas Spelling (Coa)
3 - Hayden Hodgson (Coa)

Power Play

Firebirds - 2 on 2 Attempt(s) - 100.00%
Marlies - 1 on 3 Attempt(s) - 33.33%

Penalty Kill

Firebirds - 2 on 3 Attempt(s) - 66.67% - Score 0 goal in Penalty Kill
Marlies - 0 on 2 Attempt(s) - 0.00% - Score 0 goal in Penalty Kill

Team Stat

Firebirds - Hits : 20 - Faceoff Wins : 23 - Blocked Shots : 19 - Penalty Minutes : 4
Marlies - Hits : 27 - Faceoff Wins : 40 - Blocked Shots : 12 - Penalty Minutes : 6

Official

Referees : Gord Dwyer and Kyle Rehman
Linesman : Steve Miller and Greg Devorski

Game Notes

17:57 of 2nd period - Penalty Shot by Dylan Coghlan for Firebirds - Stopped by Maxime Lagace

Finance

Level 1 -- Attendance: 1726 (86.30%) -- Ticket Income $120,820
Level 2 -- Attendance: 955 (95.50%) -- Ticket Income $38,200
Total Attendance: 2681 (89.37%)
Total Ticket Income: $159,020
Other Income: $7,951
Total Income: $166,971

Firebirds

5 vs 5 Forward 
   Center                   Left Wing                Right Wing               Time % Phy DF OF 
 1 Tanner Richard           Hayden Hodgson           Thomas Spelling          40     1   2  2  
 2 Pierre-Luc Dubois        Eric Robinson            Wade Allison             30     1   2  2  
 3 Garret Pilon             Fredrik Olofsson         Maksim Sushko            20     1   2  2  
 4 Jasper Weatherby         Jonah Gadjovich          Matej Blumel             10     1   2  2  

5 vs 5 Defense 
   Defense                  Defense                                           Time % Phy DF OF 
 1 Jakub Zboril             Dylan Coghlan                                     40     1   2  2  
 2 Victor Mete              Mac Hollowell                                     34     1   2  2  
 3 Matthew Kiersted         Jacob Middleton                                   25     1   2  2  
 4 Matthew Kiersted         Jacob Middleton                                   1      1   2  2  

PowerPlay Forward 
   Center                   Left Wing                Right Wing               Time % Phy DF OF 
 1 Tanner Richard           Hayden Hodgson           Thomas Spelling          60     1   2  2  
 2 Pierre-Luc Dubois        Eric Robinson            Wade Allison             40     1   2  2  

PowerPlay Defense
   Defense                  Defense                                           Time % Phy DF OF 
 1 Jakub Zboril             Dylan Coghlan                                     60     1   2  2  
 2 Victor Mete              Mac Hollowell                                     40     1   2  2  

Penalty Kill 4 Players Forward 
   Center                   Wing                     Time % Phy DF OF 
 1 Tanner Richard           Hayden Hodgson           60     1   2  2  
 2 Pierre-Luc Dubois        Thomas Spelling          40     1   2  2  

Penalty Kill 4 Players Defense
   Defense                  Defense                  Time % Phy DF OF 
 1 Jakub Zboril             Dylan Coghlan            60     1   2  2  
 2 Victor Mete              Mac Hollowell            40     1   2  2  

Penalty Kill - 3 Players Forward 
   Forward                                           Time % Phy DF OF 
 1 Tanner Richard                                    60     1   2  2  
 2 Hayden Hodgson                                    40     1   2  2  

Penalty Kill - 3 Players Defense
   Defense                  Defense                  Time % Phy DF OF 
 1 Matthew Kiersted         Mac Hollowell            60     1   2  2  
 2 Victor Mete              Jacob Middleton          40     1   2  2  

4 vs 4 Forward 
   Center                   Wing                     Time % Phy DF OF 
 1 Garret Pilon             Hayden Hodgson           60     1   2  2  
 2 Jasper Weatherby         Fredrik Olofsson         40     1   2  2  

4 vs 4 Defense
   Defense                  Defense                  Time % Phy DF OF 
 1 Jakub Zboril             Dylan Coghlan            60     1   2  2  
 2 Victor Mete              Mac Hollowell            40     1   2  2  

Last Minutes Offensive
   Center                   Left Wing                Right Wing               Defense                  Defense                  
   Tanner Richard           Eric Robinson            Maksim Sushko            Jakub Zboril             Dylan Coghlan            

Last Minutes Defensive
   Center                   Left Wing                Right Wing               Defense                  Defense                  
   Tanner Richard           Hayden Hodgson           Thomas Spelling          Jakub Zboril             Dylan Coghlan            

Goaltenders
Starting : Magnus Hellberg          
Backup : Jakub Skarek             

Extra Forwards
Normal : Maksim Sushko, Fredrik Olofsson, Jasper Weatherby - PP : Maksim Sushko, Fredrik Olofsson - PK : Garret Pilon
Extra Defensemen
Normal : Matthew Kiersted, Jacob Middleton, Victor Mete - PP : Matthew Kiersted - PK : Jacob Middleton, Victor Mete
Penalty Shots
Tanner Richard, Hayden Hodgson, Pierre-Luc Dubois, Thomas Spelling, Eric Robinson
Custom OT Lines Forwards
Tanner Richard, Hayden Hodgson, Pierre-Luc Dubois, Thomas Spelling, Eric Robinson, Fredrik Olofsson, Wade Allison, Garret Pilon, Jasper Weatherby, Jonah Gadjovich
Custom OT Lines Defensemen
Jakub Zboril, Dylan Coghlan, Victor Mete, Mac Hollowell, Matthew Kiersted

Scratches
Sasha Chmelevski (Healthy), Jacob Olofsson (Healthy), Kyle Capobianco (Healthy), Parker Kelly (Healthy), Artur Kayumov (Healthy)
Stelio Mattheos (Healthy), Nikita Alexandrov (Healthy), Valentin Nussbaumer (Healthy), John Ludvig (Healthy), Maxence Guenette (Healthy)
Bobby Brink (Healthy), Cayden Primeau (Healthy), Ian Scott (Healthy)

Marlies

5 vs 5 Forward 
   Center                   Left Wing                Right Wing               Time % Phy DF OF 
 1 Aleksi Saarela           Joel Farabee             Martin Necas             40     1   2  2  
 2 Lias Andersson           Tyler Benson             Mathieu Olivier          30     1   2  2  
 3 Matthew Highmore         Alex Formenton           Kole Sherwood            20     1   2  2  
 4 Isac Lundestrom          Otto Koivula             Arthur Kaliyev           10     1   2  2  

5 vs 5 Defense 
   Defense                  Defense                                           Time % Phy DF OF 
 1 Pierre-Olivier Joseph    Rasmus Dahlin                                     40     1   2  2  
 2 Keaton Thompson          Lucas Carlsson                                    30     1   2  2  
 3 Dmitri Samorukov         Dennis Gilbert                                    20     1   2  2  
 4 Rasmus Dahlin            Pierre-Olivier Joseph                             10     1   2  2  

PowerPlay Forward 
   Center                   Left Wing                Right Wing               Time % Phy DF OF 
 1 Aleksi Saarela           Joel Farabee             Martin Necas             60     1   2  2  
 2 Lias Andersson           Tyler Benson             Mathieu Olivier          40     1   2  2  

PowerPlay Defense
   Defense                  Defense                                           Time % Phy DF OF 
 1 Pierre-Olivier Joseph    Rasmus Dahlin                                     60     1   2  2  
 2 Keaton Thompson          Lucas Carlsson                                    40     1   2  2  

Penalty Kill 4 Players Forward 
   Center                   Wing                     Time % Phy DF OF 
 1 Aleksi Saarela           Tyler Benson             60     1   2  2  
 2 Martin Necas             Mathieu Olivier          40     1   2  2  

Penalty Kill 4 Players Defense
   Defense                  Defense                  Time % Phy DF OF 
 1 Pierre-Olivier Joseph    Rasmus Dahlin            60     1   2  2  
 2 Keaton Thompson          Lucas Carlsson           40     1   2  2  

Penalty Kill - 3 Players Forward 
   Forward                                           Time % Phy DF OF 
 1 Aleksi Saarela                                    60     1   2  2  
 2 Tyler Benson                                      40     1   2  2  

Penalty Kill - 3 Players Defense
   Defense                  Defense                  Time % Phy DF OF 
 1 Pierre-Olivier Joseph    Rasmus Dahlin            60     1   2  2  
 2 Lucas Carlsson           Keaton Thompson          40     1   2  2  

4 vs 4 Forward 
   Center                   Wing                     Time % Phy DF OF 
 1 Aleksi Saarela           Tyler Benson             60     1   2  2  
 2 Martin Necas             Mathieu Olivier          40     1   2  2  

4 vs 4 Defense
   Defense                  Defense                  Time % Phy DF OF 
 1 Pierre-Olivier Joseph    Rasmus Dahlin            60     1   2  2  
 2 Lucas Carlsson           Keaton Thompson          40     1   2  2  

Last Minutes Offensive
   Center                   Left Wing                Right Wing               Defense                  Defense                  
   Aleksi Saarela           Joel Farabee             Martin Necas             Pierre-Olivier Joseph    Rasmus Dahlin            

Last Minutes Defensive
   Center                   Left Wing                Right Wing               Defense                  Defense                  
   Aleksi Saarela           Tyler Benson             Martin Necas             Pierre-Olivier Joseph    Lucas Carlsson           

Goaltenders
Starting : Maxime Lagace            
Backup : Logan Thompson           

Extra Forwards
Normal : Tyler Benson, Joel Farabee, Alex Formenton - PP : Tyler Benson, Kole Sherwood - PK : Alex Formenton
Extra Defensemen
Normal : Keaton Thompson, Pierre-Olivier Joseph, Dennis Gilbert - PP : Dmitri Samorukov - PK : Lucas Carlsson, Dennis Gilbert
Penalty Shots
Aleksi Saarela, Tyler Benson, Martin Necas, Mathieu Olivier, Alex Formenton
Custom OT Lines Forwards
Aleksi Saarela, Tyler Benson, Martin Necas, Mathieu Olivier, Alex Formenton, Joel Farabee, Kole Sherwood, Lias Andersson, Matthew Highmore, Isac Lundestrom
Custom OT Lines Defensemen
Pierre-Olivier Joseph, Lucas Carlsson, Rasmus Dahlin, Dennis Gilbert, Dmitri Samorukov

Scratches
Jonathan Gruden (Healthy), Jakob Forsbacka-Karlsson (Healthy), Jacob Bernard-Docker (Healthy), Xavier Bernard (Healthy), Jonathan Davidsson (Healthy)
Hugh McGing (Healthy), Jan Jenik (Healthy), Blake Murray (Healthy), Vasili Podkolzin (Healthy), Samuel Fagemo (Healthy)
Veini Vehvilainen (Healthy), Matthew Thiessen (Healthy)

% Time on Ice - Firebirds

Lines # - Real PCT - Wanted PCT - Time Play
Normal Forward
1 - 32% - 40% - 17:23
2 - 28% - 30% - 15:18
3 - 24% - 20% - 13:02
4 - 16% - 10% - 8:42
Normal Defense
1 - 41% - 40% - 22:03
2 - 33% - 34% - 17:48
3 - 25% - 25% - 13:47
4 - 1% - 1% - 0:47
PP Forward
1 - 67% - 60% - 2:02
2 - 33% - 40% - 0:59
PP Defense
1 - 73% - 60% - 2:13
2 - 27% - 40% - 0:48
PK Forward
1 - 90% - 60% - 2:18
2 - 10% - 40% - 0:16
PK Defense
1 - 69% - 60% - 1:46
2 - 31% - 40% - 0:48
PK3 Forward
1 - 0% - 60%
2 - 0% - 40%
PK3 Defense
1 - 0% - 60%
2 - 0% - 40%
44 Forward
1 - 0% - 60%
2 - 0% - 40%
44 Defense
1 - 0% - 60%
2 - 0% - 40%
Last Minute Offensive  - 0:00
Last Minute Defensive  - 0:00
Total
Forward - 60:00
Defense - 60:00

% Time on Ice - Marlies

Lines # - Real PCT - Wanted PCT - Time Play
Normal Forward
1 - 33% - 40% - 18:08
2 - 29% - 30% - 15:33
3 - 25% - 20% - 13:41
4 - 13% - 10% - 7:03
Normal Defense
1 - 38% - 40% - 20:48
2 - 30% - 30% - 16:04
3 - 23% - 20% - 12:24
4 - 9% - 10% - 5:09
PP Forward
1 - 63% - 60% - 1:37
2 - 37% - 40% - 0:57
PP Defense
1 - 53% - 60% - 1:22
2 - 47% - 40% - 1:12
PK Forward
1 - 80% - 60% - 2:24
2 - 20% - 40% - 0:37
PK Defense
1 - 60% - 60% - 1:48
2 - 40% - 40% - 1:13
PK3 Forward
1 - 0% - 60%
2 - 0% - 40%
PK3 Defense
1 - 0% - 60%
2 - 0% - 40%
44 Forward
1 - 0% - 60%
2 - 0% - 40%
44 Defense
1 - 0% - 60%
2 - 0% - 40%
Last Minute Offensive  - 0:00
Last Minute Defensive  - 0:00
Total
Forward - 60:00
Defense - 60:00

Play-by-Play

1st period


0:01 of 1st period - Joel Farabee wins face-off versus Hayden Hodgson in neutral zone.
0:04 of 1st period - Wrist shot by Martin Necas.
0:04 of 1st period - Shot Misses the Net.
0:12 of 1st period - Snap shot by Joel Farabee.
0:12 of 1st period - Stopped by Magnus Hellberg with a rebound.
0:49 of 1st period - Wrist shot by Tanner Richard.
0:49 of 1st period - Stopped by Maxime Lagace with a rebound.
1:22 of 1st period - Wrist shot by Otto Koivula.
1:22 of 1st period - Shot Misses the Net.
1:52 of 1st period - Off-side.
1:53 of 1st period - Matthew Highmore wins face-off versus Pierre-Luc Dubois in neutral zone.
2:02 of 1st period - Slapshot by Pierre-Olivier Joseph.
2:02 of 1st period - Deflect By Alex Formenton.
2:02 of 1st period - Stopped by Magnus Hellberg without a rebound.
2:03 of 1st period - Lias Andersson wins face-off versus Garret Pilon in Firebirds zone.
2:09 of 1st period - Slapshot by Rasmus Dahlin.
2:09 of 1st period - Deflect By Tyler Benson.
2:09 of 1st period - Shot Misses the Net.
2:09 of 1st period - Puck is out of play.
2:10 of 1st period - Lias Andersson wins face-off versus Fredrik Olofsson in Firebirds zone.
2:13 of 1st period - Snap shot by Mathieu Olivier.
2:13 of 1st period - Goal by Mathieu Olivier - Firebirds : 0 - Marlies : 1.
2:14 of 1st period - Aleksi Saarela wins face-off versus Tanner Richard in neutral zone.
2:17 of 1st period - Snap shot by Martin Necas.
2:17 of 1st period - Shot Misses the Net.
2:39 of 1st period - Mac Hollowell is hit by Tyler Benson and loses puck.
2:44 of 1st period - Snap shot by Tyler Benson.
2:44 of 1st period - Shot Blocked by Victor Mete.
3:02 of 1st period - Snap shot by Kole Sherwood.
3:02 of 1st period - Shot Misses the Net.
3:04 of 1st period - Wrist shot by Kole Sherwood.
3:04 of 1st period - Shot Blocked by Victor Mete.
3:06 of 1st period - Slapshot by Alex Formenton.
3:06 of 1st period - Shot Blocked by Fredrik Olofsson.
3:10 of 1st period - Snap shot by Alex Formenton.
3:10 of 1st period - Shot Blocked by Fredrik Olofsson.
3:31 of 1st period - Icing by Dennis Gilbert.
3:32 of 1st period - Tanner Richard wins face-off versus Isac Lundestrom in Marlies zone.
4:16 of 1st period - Fredrik Olofsson is hit by Pierre-Olivier Joseph and loses puck.
4:41 of 1st period - Slapshot by Alex Formenton.
4:41 of 1st period - Shot Misses the Net.
4:43 of 1st period - Slapshot by Pierre-Olivier Joseph.
4:43 of 1st period - Shot Hit the Post.
4:45 of 1st period - Wrist shot by Alex Formenton.
4:45 of 1st period - Deflect By Kole Sherwood.
4:45 of 1st period - Stopped by Magnus Hellberg without a rebound.
4:46 of 1st period - Tanner Richard wins face-off versus Aleksi Saarela in Firebirds zone.
5:21 of 1st period - Snap shot by Alex Formenton.
5:21 of 1st period - Shot Blocked by Matthew Kiersted.
5:36 of 1st period - Off-side.
5:37 of 1st period - Lias Andersson wins face-off versus Garret Pilon in neutral zone.
5:39 of 1st period - Minor Penalty to Tyler Benson for Roughing.
5:40 of 1st period - Tanner Richard wins face-off versus Aleksi Saarela in Marlies zone.
5:54 of 1st period - Rasmus Dahlin is hit by Hayden Hodgson and loses puck.
6:07 of 1st period - Alex Formenton is hit by Wade Allison and loses puck.
7:39 of 1st period - Penalty to Tyler Benson is over, Tyler Benson is back on ice.
9:15 of 1st period - Eric Robinson is hit by Lias Andersson and loses puck.
10:31 of 1st period - Hayden Hodgson is hit by Joel Farabee and loses puck.
10:41 of 1st period - Off-side.
10:42 of 1st period - Garret Pilon wins face-off versus Matthew Highmore in neutral zone.
10:53 of 1st period - Maksim Sushko is hit by Kole Sherwood and loses puck.
11:11 of 1st period - Wade Allison is hit by Martin Necas and loses puck.
11:49 of 1st period - Otto Koivula is hit by Thomas Spelling and loses puck.
12:15 of 1st period - Mac Hollowell is hit by Martin Necas.
12:31 of 1st period - Snap shot by Eric Robinson.
12:31 of 1st period - Shot Blocked by Keaton Thompson.
12:33 of 1st period - Slapshot by Wade Allison.
12:33 of 1st period - Shot Blocked by Alex Formenton.
12:35 of 1st period - Slapshot by Pierre-Luc Dubois.
12:35 of 1st period - Stopped by Maxime Lagace with a rebound.
12:57 of 1st period - Snap shot by Jonah Gadjovich.
12:57 of 1st period - Goal by Jonah Gadjovich - Firebirds : 1 - Marlies : 1.
12:58 of 1st period - Tanner Richard wins face-off versus Aleksi Saarela in neutral zone.
13:55 of 1st period - Keaton Thompson is hit by Mac Hollowell and loses puck.
14:41 of 1st period - Snap shot by Alex Formenton.
14:41 of 1st period - Shot Misses the Net.
14:58 of 1st period - Keaton Thompson is hit by Jasper Weatherby and loses puck.
15:03 of 1st period - Slapshot by Jasper Weatherby.
15:03 of 1st period - Stopped by Maxime Lagace without a rebound.
15:04 of 1st period - Tanner Richard wins face-off versus Aleksi Saarela in Marlies zone.
15:17 of 1st period - Snap shot by Thomas Spelling.
15:17 of 1st period - Shot Misses the Net.
15:19 of 1st period - Snap shot by Hayden Hodgson.
15:19 of 1st period - Shot Blocked by Rasmus Dahlin.
15:36 of 1st period - Rasmus Dahlin is hit by Fredrik Olofsson and loses puck.
15:53 of 1st period - Isac Lundestrom is hit by Jacob Middleton and loses puck.
16:02 of 1st period - Off-side.
16:03 of 1st period - Aleksi Saarela wins face-off versus Tanner Richard in neutral zone.
16:42 of 1st period - Snap shot by Eric Robinson.
16:42 of 1st period - Stopped by Maxime Lagace with a rebound.
17:00 of 1st period - Slapshot by Lias Andersson.
17:00 of 1st period - Shot Misses the Net.
18:02 of 1st period - Slapshot by Kole Sherwood.
18:02 of 1st period - Shot Blocked by Matthew Kiersted.
18:04 of 1st period - Slapshot by Keaton Thompson.
18:04 of 1st period - Stopped by Magnus Hellberg with a rebound.
18:06 of 1st period - Snap shot by Alex Formenton.
18:06 of 1st period - Stopped by Magnus Hellberg with a rebound.
18:08 of 1st period - Wrist shot by Kole Sherwood.
18:08 of 1st period - Shot Blocked by Matthew Kiersted.
18:22 of 1st period - Wrist shot by Tanner Richard.
18:22 of 1st period - Stopped by Maxime Lagace with a rebound.
18:36 of 1st period - Wrist shot by Joel Farabee.
18:36 of 1st period - Stopped by Magnus Hellberg with a rebound.
18:38 of 1st period - Snap shot by Aleksi Saarela.
18:38 of 1st period - Stopped by Magnus Hellberg without a rebound.
18:39 of 1st period - Aleksi Saarela wins face-off versus Garret Pilon in Firebirds zone.
18:40 of 1st period - Slapshot by Rasmus Dahlin.
18:40 of 1st period - Stopped by Magnus Hellberg without a rebound.
18:41 of 1st period - Garret Pilon wins face-off versus Aleksi Saarela in Firebirds zone.
18:41 of 1st period - Garret Pilon is hit by Aleksi Saarela.
19:13 of 1st period - Snap shot by Martin Necas.
19:13 of 1st period - Shot Misses the Net.
19:15 of 1st period - Snap shot by Joel Farabee.
19:15 of 1st period - Stopped by Magnus Hellberg without a rebound.
19:16 of 1st period - Pierre-Luc Dubois wins face-off versus Tyler Benson in Firebirds zone.
19:21 of 1st period - Wade Allison is hit by Rasmus Dahlin and loses puck.
19:36 of 1st period - Mathieu Olivier is hit by Eric Robinson and loses puck.
Goals for this period are 1 for Firebirds vs 1 for Marlies.
Shots for this period are 6 for Firebirds vs 10 for Marlies.

2nd period


0:01 of 2nd period - Aleksi Saarela wins face-off versus Tanner Richard in neutral zone.
0:04 of 2nd period - Tanner Richard is hit by Joel Farabee and loses puck.
0:36 of 2nd period - Snap shot by Pierre-Luc Dubois.
0:36 of 2nd period - Goal by Pierre-Luc Dubois - Firebirds : 2 - Marlies : 1.
0:37 of 2nd period - Aleksi Saarela wins face-off versus Hayden Hodgson in neutral zone.
0:44 of 2nd period - Snap shot by Joel Farabee.
0:44 of 2nd period - Stopped by Magnus Hellberg without a rebound.
0:45 of 2nd period - Hayden Hodgson wins face-off versus Aleksi Saarela in Firebirds zone.
1:14 of 2nd period - Snap shot by Tyler Benson.
1:14 of 2nd period - Deflect By Mathieu Olivier.
1:14 of 2nd period - Shot Blocked by Eric Robinson.
1:14 of 2nd period - Puck is out of play.
1:15 of 2nd period - Pierre-Luc Dubois wins face-off versus Lias Andersson in Firebirds zone.
1:15 of 2nd period - Pierre-Luc Dubois is hit by Mathieu Olivier.
2:26 of 2nd period - Snap shot by Otto Koivula.
2:26 of 2nd period - Stopped by Magnus Hellberg with a rebound.
2:28 of 2nd period - Slapshot by Dmitri Samorukov.
2:28 of 2nd period - Stopped by Magnus Hellberg without a rebound.
2:29 of 2nd period - Tanner Richard wins face-off versus Aleksi Saarela in Firebirds zone.
3:19 of 2nd period - Dylan Coghlan is hit by Kole Sherwood and loses puck.
3:51 of 2nd period - Wrist shot by Jonah Gadjovich.
3:51 of 2nd period - Stopped by Maxime Lagace with a rebound.
4:07 of 2nd period - Victor Mete is hit by Mathieu Olivier and loses puck.
4:30 of 2nd period - Wrist shot by Martin Necas.
4:30 of 2nd period - Shot Misses the Net.
4:32 of 2nd period - Wrist shot by Martin Necas.
4:32 of 2nd period - Stopped by Magnus Hellberg with a rebound.
4:42 of 2nd period - Maksim Sushko is hit by Kole Sherwood and loses puck.
5:42 of 2nd period - Eric Robinson is hit by Martin Necas and loses puck.
6:01 of 2nd period - Slapshot by Pierre-Olivier Joseph.
6:01 of 2nd period - Stopped by Magnus Hellberg without a rebound.
6:02 of 2nd period - Matthew Highmore wins face-off versus Garret Pilon in Firebirds zone.
6:05 of 2nd period - Wrist shot by Kole Sherwood.
6:05 of 2nd period - Shot Misses the Net.
6:12 of 2nd period - Off-side.
6:13 of 2nd period - Aleksi Saarela wins face-off versus Tanner Richard in neutral zone.
6:35 of 2nd period - Icing by Victor Mete.
6:36 of 2nd period - Lias Andersson wins face-off versus Pierre-Luc Dubois in Firebirds zone.
6:47 of 2nd period - Snap shot by Pierre-Luc Dubois.
6:47 of 2nd period - Shot Misses the Net.
6:49 of 2nd period - Snap shot by Eric Robinson.
6:49 of 2nd period - Shot Blocked by Rasmus Dahlin.
6:51 of 2nd period - Snap shot by Pierre-Luc Dubois.
6:51 of 2nd period - Stopped by Maxime Lagace without a rebound.
6:52 of 2nd period - Aleksi Saarela wins face-off versus Tanner Richard in Marlies zone.
6:59 of 2nd period - Slapshot by Pierre-Olivier Joseph.
6:59 of 2nd period - Stopped by Magnus Hellberg with a rebound.
7:01 of 2nd period - Snap shot by Aleksi Saarela.
7:01 of 2nd period - Shot Blocked by Hayden Hodgson.
7:03 of 2nd period - Slapshot by Rasmus Dahlin.
7:03 of 2nd period - Stopped by Magnus Hellberg with a rebound.
7:05 of 2nd period - Slapshot by Martin Necas.
7:05 of 2nd period - Shot Misses the Net.
7:07 of 2nd period - Snap shot by Aleksi Saarela.
7:07 of 2nd period - Deflect By Martin Necas.
7:07 of 2nd period - Shot Blocked by Hayden Hodgson.
7:07 of 2nd period - Puck is out of play.
7:08 of 2nd period - Lias Andersson wins face-off versus Pierre-Luc Dubois in Firebirds zone.
7:21 of 2nd period - Snap shot by Mathieu Olivier.
7:21 of 2nd period - Shot Misses the Net.
7:33 of 2nd period - Joel Farabee is hit by Thomas Spelling and loses puck.
7:42 of 2nd period - Snap shot by Hayden Hodgson.
7:42 of 2nd period - Deflect By Tanner Richard.
7:42 of 2nd period - Shot Misses the Net.
7:42 of 2nd period - Puck is out of play.
7:43 of 2nd period - Lias Andersson wins face-off versus Wade Allison in Marlies zone.
8:18 of 2nd period - Wrist shot by Aleksi Saarela.
8:18 of 2nd period - Deflect By Martin Necas.
8:18 of 2nd period - Stopped by Magnus Hellberg with a rebound.
8:36 of 2nd period - Hayden Hodgson is hit by Lucas Carlsson and loses puck.
8:43 of 2nd period - Snap shot by Matthew Highmore.
8:43 of 2nd period - Stopped by Magnus Hellberg without a rebound.
8:44 of 2nd period - Pierre-Luc Dubois wins face-off versus Aleksi Saarela in Firebirds zone.
8:49 of 2nd period - Snap shot by Wade Allison.
8:49 of 2nd period - Shot Misses the Net.
9:32 of 2nd period - Jakub Zboril is hit by Kole Sherwood.
9:53 of 2nd period - Dmitri Samorukov is hit by Matej Blumel and loses puck.
10:00 of 2nd period - Backhand shot by Isac Lundestrom.
10:00 of 2nd period - Shot Misses the Net.
11:18 of 2nd period - Wrist shot by Jonah Gadjovich.
11:18 of 2nd period - Shot Misses the Net.
11:20 of 2nd period - Wrist shot by Jasper Weatherby.
11:20 of 2nd period - Stopped by Maxime Lagace with a rebound.
12:57 of 2nd period - Matthew Kiersted is hit by Tyler Benson.
13:17 of 2nd period - Snap shot by Matthew Highmore.
13:17 of 2nd period - Stopped by Magnus Hellberg with a rebound.
13:31 of 2nd period - Fredrik Olofsson is hit by Arthur Kaliyev and loses puck.
13:59 of 2nd period - Snap shot by Joel Farabee.
13:59 of 2nd period - Stopped by Magnus Hellberg with a rebound.
14:01 of 2nd period - Wrist shot by Aleksi Saarela.
14:01 of 2nd period - Stopped by Magnus Hellberg without a rebound.
14:02 of 2nd period - Lias Andersson wins face-off versus Tanner Richard in Firebirds zone.
14:11 of 2nd period - Dennis Gilbert is hit by Jakub Zboril and loses puck.
14:54 of 2nd period - Isac Lundestrom is hit by Garret Pilon.
15:04 of 2nd period - Slapshot by Pierre-Olivier Joseph.
15:04 of 2nd period - Shot Misses the Net.
15:24 of 2nd period - Snap shot by Tanner Richard.
15:24 of 2nd period - Shot Misses the Net.
15:51 of 2nd period - Snap shot by Pierre-Luc Dubois.
15:51 of 2nd period - Shot Misses the Net.
16:01 of 2nd period - Lias Andersson is hit by Matej Blumel and loses puck.
16:37 of 2nd period - Snap shot by Aleksi Saarela.
16:37 of 2nd period - Shot Blocked by Mac Hollowell.
16:47 of 2nd period - Isac Lundestrom is hit by Thomas Spelling.
17:57 of 2nd period - Penalty Shot by Dylan Coghlan for Firebirds.
17:57 of 2nd period - Wrist shot by Dylan Coghlan.
17:57 of 2nd period - Stopped by Maxime Lagace.
17:58 of 2nd period - Thomas Spelling wins face-off versus Lias Andersson in Firebirds zone.
17:58 of 2nd period - Thomas Spelling is hit by Lias Andersson.
18:09 of 2nd period - Snap shot by Hayden Hodgson.
18:09 of 2nd period - Shot Misses the Net.
18:11 of 2nd period - Slapshot by Jacob Middleton.
18:11 of 2nd period - Shot Blocked by Lucas Carlsson.
18:13 of 2nd period - Snap shot by Tanner Richard.
18:13 of 2nd period - Shot Misses the Net.
18:15 of 2nd period - Minor Penalty to Mathieu Olivier for Tripping.
18:16 of 2nd period - Aleksi Saarela wins face-off versus Tanner Richard in Marlies zone.
18:24 of 2nd period - Off-side.
18:25 of 2nd period - Aleksi Saarela wins face-off versus Tanner Richard in neutral zone.
18:28 of 2nd period - Slapshot by Pierre-Olivier Joseph.
18:28 of 2nd period - Shot Misses the Net.
18:30 of 2nd period - Slapshot by Pierre-Olivier Joseph.
18:30 of 2nd period - Shot Blocked by Jakub Zboril.
18:32 of 2nd period - Wrist shot by Aleksi Saarela.
18:32 of 2nd period - Shot Misses the Net.
18:34 of 2nd period - Slapshot by Pierre-Olivier Joseph.
18:34 of 2nd period - Stopped by Magnus Hellberg with a rebound.
18:36 of 2nd period - Wrist shot by Pierre-Olivier Joseph.
18:36 of 2nd period - Shot Blocked by Thomas Spelling.
18:50 of 2nd period - Slapshot by Jakub Zboril.
18:50 of 2nd period - Stopped by Maxime Lagace with a rebound.
19:00 of 2nd period - Slapshot by Dylan Coghlan.
19:00 of 2nd period - Shot Misses the Net.
19:02 of 2nd period - Slapshot by Tanner Richard.
19:02 of 2nd period - Stopped by Maxime Lagace with a rebound.
19:04 of 2nd period - Slapshot by Dylan Coghlan.
19:04 of 2nd period - Stopped by Maxime Lagace with a rebound.
19:06 of 2nd period - Slapshot by Dylan Coghlan.
19:06 of 2nd period - Deflect By Alex Formenton.
19:06 of 2nd period - Goal by Dylan Coghlan - Firebirds : 3 - Marlies : 1.
19:07 of 2nd period - Aleksi Saarela wins face-off versus Pierre-Luc Dubois in neutral zone.
19:09 of 2nd period - Off-side.
19:10 of 2nd period - Aleksi Saarela wins face-off versus Pierre-Luc Dubois in neutral zone.
19:14 of 2nd period - Minor Penalty to Victor Mete for Hooking.
19:15 of 2nd period - Aleksi Saarela wins face-off versus Tanner Richard in Firebirds zone.
19:15 of 2nd period - Snap shot by Martin Necas.
19:15 of 2nd period - Shot Blocked by Tanner Richard.
19:43 of 2nd period - Slapshot by Rasmus Dahlin.
19:43 of 2nd period - Deflect By Tanner Richard.
19:43 of 2nd period - Stopped by Magnus Hellberg without a rebound.
19:44 of 2nd period - Tanner Richard wins face-off versus Lias Andersson in Firebirds zone.
19:56 of 2nd period - Off-side.
19:57 of 2nd period - Aleksi Saarela wins face-off versus Tanner Richard in neutral zone.
Goals for this period are 2 for Firebirds vs 0 for Marlies.
Shots for this period are 8 for Firebirds vs 14 for Marlies.

3rd period


0:01 of 3rd period - Tanner Richard wins face-off versus Joel Farabee in neutral zone.
1:14 of 3rd period - Penalty to Victor Mete is over, Victor Mete is back on ice.
1:24 of 3rd period - Icing by Victor Mete.
1:25 of 3rd period - Tanner Richard wins face-off versus Matthew Highmore in Firebirds zone.
1:30 of 3rd period - Snap shot by Kole Sherwood.
1:30 of 3rd period - Stopped by Magnus Hellberg with a rebound.
1:32 of 3rd period - Snap shot by Kole Sherwood.
1:32 of 3rd period - Shot Blocked by Eric Robinson.
1:34 of 3rd period - Slapshot by Dennis Gilbert.
1:34 of 3rd period - Shot Blocked by Jacob Middleton.
1:36 of 3rd period - Snap shot by Kole Sherwood.
1:36 of 3rd period - Stopped by Magnus Hellberg with a rebound.
1:38 of 3rd period - Wrist shot by Matthew Highmore.
1:38 of 3rd period - Shot Blocked by Mac Hollowell.
1:52 of 3rd period - Otto Koivula is hit by Jasper Weatherby and loses puck.
1:59 of 3rd period - Slapshot by Matej Blumel.
1:59 of 3rd period - Stopped by Maxime Lagace without a rebound.
2:00 of 3rd period - Aleksi Saarela wins face-off versus Garret Pilon in Marlies zone.
2:34 of 3rd period - Snap shot by Garret Pilon.
2:34 of 3rd period - Shot Blocked by Rasmus Dahlin.
2:36 of 3rd period - Slapshot by Matthew Kiersted.
2:36 of 3rd period - Deflect By Kole Sherwood.
2:36 of 3rd period - Stopped by Maxime Lagace with a rebound.
2:46 of 3rd period - Slapshot by Fredrik Olofsson.
2:46 of 3rd period - Stopped by Maxime Lagace with a rebound.
2:48 of 3rd period - Snap shot by Fredrik Olofsson.
2:48 of 3rd period - Deflect By Garret Pilon.
2:48 of 3rd period - Shot Blocked by Kole Sherwood.
2:48 of 3rd period - Puck is out of play.
2:49 of 3rd period - Aleksi Saarela wins face-off versus Tanner Richard in Marlies zone.
3:46 of 3rd period - Slapshot by Alex Formenton.
3:46 of 3rd period - Stopped by Magnus Hellberg without a rebound.
3:47 of 3rd period - Aleksi Saarela wins face-off versus Tanner Richard in Firebirds zone.
4:01 of 3rd period - Snap shot by Thomas Spelling.
4:01 of 3rd period - Stopped by Maxime Lagace without a rebound.
4:02 of 3rd period - Lias Andersson wins face-off versus Pierre-Luc Dubois in Marlies zone.
4:16 of 3rd period - Snap shot by Dylan Coghlan.
4:16 of 3rd period - Stopped by Maxime Lagace without a rebound.
4:17 of 3rd period - Aleksi Saarela wins face-off versus Tanner Richard in Marlies zone.
5:33 of 3rd period - Slapshot by Rasmus Dahlin.
5:33 of 3rd period - Shot Blocked by Jacob Middleton.
5:35 of 3rd period - Minor Penalty to Jonah Gadjovich for Roughing.
5:36 of 3rd period - Tanner Richard wins face-off versus Aleksi Saarela in Firebirds zone.
6:10 of 3rd period - Snap shot by Tyler Benson.
6:10 of 3rd period - Goal by Tyler Benson - Firebirds : 3 - Marlies : 2.
6:11 of 3rd period - Aleksi Saarela wins face-off versus Pierre-Luc Dubois in neutral zone.
6:14 of 3rd period - Dylan Coghlan is hit by Aleksi Saarela and loses puck.
6:23 of 3rd period - Snap shot by Martin Necas.
6:23 of 3rd period - Stopped by Magnus Hellberg with a rebound.
6:37 of 3rd period - Jakub Zboril is hit by Kole Sherwood.
6:43 of 3rd period - Wrist shot by Wade Allison.
6:43 of 3rd period - Stopped by Maxime Lagace with a rebound.
6:45 of 3rd period - Snap shot by Pierre-Luc Dubois.
6:45 of 3rd period - Shot Blocked by Alex Formenton.
6:47 of 3rd period - Slapshot by Wade Allison.
6:47 of 3rd period - Stopped by Maxime Lagace with a rebound.
6:49 of 3rd period - Wrist shot by Eric Robinson.
6:49 of 3rd period - Shot Misses the Net.
6:51 of 3rd period - Wrist shot by Pierre-Luc Dubois.
6:51 of 3rd period - Shot Misses the Net.
6:53 of 3rd period - Backhand shot by Wade Allison.
6:53 of 3rd period - Shot Hit the Post.
6:55 of 3rd period - Wrist shot by Pierre-Luc Dubois.
6:55 of 3rd period - Shot Blocked by Alex Formenton.
6:57 of 3rd period - Snap shot by Wade Allison.
6:57 of 3rd period - Stopped by Maxime Lagace with a rebound.
6:59 of 3rd period - Snap shot by Eric Robinson.
6:59 of 3rd period - Shot Misses the Net.
7:01 of 3rd period - Snap shot by Eric Robinson.
7:01 of 3rd period - Shot Hit the Post.
7:03 of 3rd period - Snap shot by Wade Allison.
7:03 of 3rd period - Stopped by Maxime Lagace with a rebound.
7:05 of 3rd period - Slapshot by Wade Allison.
7:05 of 3rd period - Stopped by Maxime Lagace without a rebound.
7:06 of 3rd period - Joel Farabee wins face-off versus Tanner Richard in Marlies zone.
7:34 of 3rd period - Snap shot by Fredrik Olofsson.
7:34 of 3rd period - Deflect By Garret Pilon.
7:34 of 3rd period - Stopped by Maxime Lagace with a rebound.
7:36 of 3rd period - Wrist shot by Fredrik Olofsson.
7:36 of 3rd period - Stopped by Maxime Lagace without a rebound.
7:37 of 3rd period - Lias Andersson wins face-off versus Garret Pilon in Marlies zone.
8:56 of 3rd period - Snap shot by Tyler Benson.
8:56 of 3rd period - Shot Blocked by Matthew Kiersted.
9:10 of 3rd period - Slapshot by Fredrik Olofsson.
9:10 of 3rd period - Stopped by Maxime Lagace with a rebound.
9:12 of 3rd period - Slapshot by Maksim Sushko.
9:12 of 3rd period - Stopped by Maxime Lagace with a rebound.
9:14 of 3rd period - Snap shot by Fredrik Olofsson.
9:14 of 3rd period - Stopped by Maxime Lagace with a rebound.
9:16 of 3rd period - Snap shot by Fredrik Olofsson.
9:16 of 3rd period - Deflect By Dennis Gilbert.
9:16 of 3rd period - Goal by Fredrik Olofsson - Firebirds : 4 - Marlies : 2.
9:17 of 3rd period - Tanner Richard wins face-off versus Aleksi Saarela in neutral zone.
9:42 of 3rd period - Eric Robinson is hit by Kole Sherwood and loses puck.
10:00 of 3rd period - Off-side.
10:01 of 3rd period - Jasper Weatherby wins face-off versus Isac Lundestrom in neutral zone.
10:08 of 3rd period - Pierre-Olivier Joseph is hit by Jasper Weatherby.
10:52 of 3rd period - Icing by Rasmus Dahlin.
10:53 of 3rd period - Matthew Highmore wins face-off versus Tanner Richard in Marlies zone.
11:00 of 3rd period - Thomas Spelling is hit by Rasmus Dahlin.
11:31 of 3rd period - Rasmus Dahlin is hit by Eric Robinson and loses puck.
11:42 of 3rd period - Fredrik Olofsson is hit by Rasmus Dahlin and loses puck.
13:12 of 3rd period - Wrist shot by Matej Blumel.
13:12 of 3rd period - Shot Blocked by Dmitri Samorukov.
13:14 of 3rd period - Snap shot by Jasper Weatherby.
13:14 of 3rd period - Shot Blocked by Dmitri Samorukov.
13:34 of 3rd period - Wrist shot by Matej Blumel.
13:34 of 3rd period - Stopped by Maxime Lagace without a rebound.
13:35 of 3rd period - Aleksi Saarela wins face-off versus Tanner Richard in Marlies zone.
13:35 of 3rd period - Aleksi Saarela is hit by Hayden Hodgson.
13:38 of 3rd period - Minor Penalty to Aleksi Saarela for Holding.
13:39 of 3rd period - Tanner Richard wins face-off versus Alex Formenton in Marlies zone.
13:49 of 3rd period - Wrist shot by Thomas Spelling.
13:49 of 3rd period - Goal by Thomas Spelling - Firebirds : 5 - Marlies : 2.
13:50 of 3rd period - Aleksi Saarela wins face-off versus Tanner Richard in neutral zone.
13:52 of 3rd period - Pierre-Olivier Joseph is hit by Tanner Richard and loses puck.
14:19 of 3rd period - Off-side.
14:20 of 3rd period - Aleksi Saarela wins face-off versus Pierre-Luc Dubois in neutral zone.
14:24 of 3rd period - Off-side.
14:25 of 3rd period - Aleksi Saarela wins face-off versus Tanner Richard in neutral zone.
14:28 of 3rd period - Slapshot by Lucas Carlsson.
14:28 of 3rd period - Stopped by Magnus Hellberg with a rebound.
14:30 of 3rd period - Slapshot by Aleksi Saarela.
14:30 of 3rd period - Stopped by Magnus Hellberg without a rebound.
14:31 of 3rd period - Aleksi Saarela wins face-off versus Tanner Richard in Firebirds zone.
15:00 of 3rd period - Slapshot by Rasmus Dahlin.
15:00 of 3rd period - Stopped by Magnus Hellberg with a rebound.
15:08 of 3rd period - Slapshot by Tyler Benson.
15:08 of 3rd period - Goal by Tyler Benson - Firebirds : 5 - Marlies : 3.
15:09 of 3rd period - Aleksi Saarela wins face-off versus Tanner Richard in neutral zone.
15:42 of 3rd period - Backhand shot by Jakub Zboril.
15:42 of 3rd period - Shot Blocked by Pierre-Olivier Joseph.
15:44 of 3rd period - Slapshot by Dylan Coghlan.
15:44 of 3rd period - Deflect By Pierre-Olivier Joseph.
15:44 of 3rd period - Stopped by Maxime Lagace without a rebound.
15:45 of 3rd period - Tanner Richard wins face-off versus Lias Andersson in Marlies zone.
15:50 of 3rd period - Wrist shot by Hayden Hodgson.
15:50 of 3rd period - Goal by Hayden Hodgson - Firebirds : 6 - Marlies : 3.
15:51 of 3rd period - Aleksi Saarela wins face-off versus Tanner Richard in neutral zone.
16:33 of 3rd period - Icing by Jakub Zboril.
16:34 of 3rd period - Garret Pilon wins face-off versus Matthew Highmore in Firebirds zone.
16:34 of 3rd period - Garret Pilon is hit by Alex Formenton.
17:09 of 3rd period - Off-side.
17:10 of 3rd period - Tanner Richard wins face-off versus Aleksi Saarela in neutral zone.
17:41 of 3rd period - Wrist shot by Mathieu Olivier.
17:41 of 3rd period - Shot Hit the Post.
17:43 of 3rd period - Snap shot by Tyler Benson.
17:43 of 3rd period - Stopped by Magnus Hellberg with a rebound.
18:29 of 3rd period - Icing by Rasmus Dahlin.
18:30 of 3rd period - Matthew Highmore wins face-off versus Tanner Richard in Marlies zone.
18:41 of 3rd period - Wrist shot by Tanner Richard.
18:41 of 3rd period - Stopped by Maxime Lagace with a rebound.
19:00 of 3rd period - Garret Pilon is hit by Alex Formenton and loses puck.
19:41 of 3rd period - Mathieu Olivier is hit by Thomas Spelling and loses puck.
Goals for this period are 3 for Firebirds vs 2 for Marlies.
Shots for this period are 21 for Firebirds vs 10 for Marlies.